AAA
TACOMA RAINIERS @ WINNIPEG GOLDEYES
04/30/2060
 
TOP OF THE 1ST
New Orleans Baby Cakes batting - Pitching for Inland Empire 66ers : RHP Kayden Ricci
Pitching: RHP Kayden Ricci
Batting: LHB Luke Perniciaro 0-0: Fly out, F3 (Line Drive, 3, EV 68.1 MPH)
Batting: RHB Antonio Martinez 0-0: Foul Ball, location: 2F
0-1: Foul Ball, location: 2F
0-2: SOLO HOME RUN (Flyball, 7D, EV 95.6 MPH), Distance : 355 ft
Batting: RHB Jared Weigel 0-0: Ball
1-0: Ground out U3 (Groundball, 34S, EV 88.8 MPH)
Batting: LHB Lúcio Esmnia 0-0: Called Strike
0-1: Ground out U3 (Groundball, 34, EV 104.4 MPH)
Top of the 1st over - 1 run, 1 hit, 0 errors, 0 left on base; New Orleans 1 - Inland Empire 0
BOTTOM OF THE 1ST
Inland Empire 66ers batting - Pitching for New Orleans Baby Cakes : RHP Eugenio Arana
Pitching: RHP Eugenio Arana
Batting: RHB Anderson Arnold 0-0: Ball
1-0: Swinging Strike
1-1: Reached on error, E6 (Groundball, 56, EV 83.8 MPH)
Batting: RHB J.B. Lazo 0-0: Swinging Strike
0-1: Ball
1-1: Ball
2-1: Ball
3-1: Base on Balls
Anderson Arnold to second
Batting: RHB Julian Koops 0-0: Foul Ball, location: 2F
0-1: Swinging Strike
0-2: Ball
1-2: 3-RUN HOME RUN (Flyball, 78XD, EV 100.6 MPH), Distance : 401 ft
Batting: RHB Ortiz Pereira 0-0: Ball
1-0: Ball
2-0: Called Strike
2-1: Ball
3-1: Ground out 1-3 (Groundball, 13S, EV 68.8 MPH)
Batting: RHB Ricardo Chavez 0-0: Ball
1-0: Called Strike
1-1: Ball
2-1: Swinging Strike
2-2: Ball
3-2: Strikes out swinging
Batting: LHB Rueben Rice 0-0: Called Strike
0-1: Ball
1-1: Called Strike
1-2: Ball
2-2: Ball
3-2: Foul Ball, location: 2F
3-2: Foul Ball, location: 2F
3-2: Base on Balls
Batting: RHB Hal Hoskin 0-0: Ball
1-0: Called Strike
1-1: SINGLE (Groundball, 56, EV 105.0 MPH) (infield hit)
Rueben Rice to second
Batting: RHB Ezra Goodwin 0-0: Foul Ball, location: 2F
0-1: Ball
1-1: Called Strike
1-2: Ball
2-2: Strikes out swinging
Bottom of the 1st over - 3 runs, 2 hits, 1 error, 2 left on base; New Orleans 1 - Inland Empire 3
TOP OF THE 2ND
New Orleans Baby Cakes batting - Pitching for Inland Empire 66ers : RHP Kayden Ricci
Batting: RHB George Ramsey 0-0: Called Strike
0-1: Ball
1-1: Ground out 5-3 (Groundball, 56, EV 106.9 MPH)
Batting: SHB R.J. Thomas 0-0: DOUBLE (Groundball, 3L, EV 95.6 MPH)
Batting: RHB Owen Wood 0-0: Ball
1-0: 2-RUN HOME RUN (Line Drive, 7D, EV 98.8 MPH), Distance : 366 ft
Batting: LHB Emmanuel Esparza 0-0: Foul Ball, location: 2F
0-1: Ball
1-1: Ball
2-1: Ground out 1-3 (Groundball, 15S, EV 67.5 MPH)
Batting: RHB Ryan Mitchell 0-0: Ball
1-0: Fly out, F8 (Flyball, 8RXD, EV 87.5 MPH)
Top of the 2nd over - 2 runs, 2 hits, 0 errors, 0 left on base; New Orleans 3 - Inland Empire 3
BOTTOM OF THE 2ND
Inland Empire 66ers batting - Pitching for New Orleans Baby Cakes : RHP Eugenio Arana
Batting: SHB Nathan Sorensen 0-0: Called Strike
0-1: Called Strike
0-2: Ball
1-2: Ball
2-2: Ball
3-2: Foul Ball, location: 2F
3-2: Base on Balls
Batting: RHB Anderson Arnold 0-0: Ball
1-0: Swinging Strike
1-1: Foul Ball, location: 2F
1-2: Ball
2-2: Ball
3-2: Grounds into double play, 6-4-3 (Groundball, 6, EV 103.1 MPH)
Batting: RHB J.B. Lazo 0-0: Ball
1-0: Called Strike
1-1: Fly out, F8 (Flyball, 8RM, EV 86.2 MPH)
Bottom of the 2nd over - 0 runs, 0 hits, 0 errors, 0 left on base; New Orleans 3 - Inland Empire 3
TOP OF THE 3RD
New Orleans Baby Cakes batting - Pitching for Inland Empire 66ers : RHP Kayden Ricci
Batting: LHB Luke Perniciaro 0-0: Ground out 3-1 (Groundball, 34S, EV 86.2 MPH)
Batting: RHB Antonio Martinez 0-0: Ball
1-0: Ball
2-0: Called Strike
2-1: Ball
3-1: Swinging Strike
3-2: Foul Ball, location: 2F
3-2: Ground out 6-3 (Groundball, 6D, EV 100.6 MPH)
Batting: RHB Jared Weigel 0-0: Called Strike
0-1: Ball
1-1: Ball
2-1: Ball
3-1: Fly out, F9 (Flyball, 89D, EV 90.0 MPH)
Top of the 3rd over - 0 runs, 0 hits, 0 errors, 0 left on base; New Orleans 3 - Inland Empire 3
BOTTOM OF THE 3RD
Inland Empire 66ers batting - Pitching for New Orleans Baby Cakes : RHP Eugenio Arana
Batting: RHB Julian Koops 0-0: SINGLE (Groundball, 56D, EV 94.4 MPH)
Batting: RHB Ortiz Pereira 0-0: SINGLE (Line Drive, 4MD, EV 95.6 MPH)
Julian Koops to second
Batting: RHB Ricardo Chavez 0-0: Swinging Strike
0-1: Called Strike
0-2: Strikes out looking
Batting: LHB Rueben Rice 0-0: Called Strike
0-1: Ground out 4-3 (Groundball, 34D, EV 101.9 MPH)
Julian Koops to third
Ortiz Pereira to second
Batting: RHB Hal Hoskin 0-0: Fly out, F9 (Flyball, 9LS, EV 92.5 MPH)
Bottom of the 3rd over - 0 runs, 2 hits, 0 errors, 2 left on base; New Orleans 3 - Inland Empire 3
TOP OF THE 4TH
New Orleans Baby Cakes batting - Pitching for Inland Empire 66ers : RHP Kayden Ricci
Batting: LHB Lúcio Esmnia 0-0: Foul Ball, location: 2F
0-1: Ball
1-1: Ground out 4-3 (Groundball, 4, EV 100.6 MPH)
Batting: RHB George Ramsey 0-0: Called Strike
0-1: Ball
1-1: Ball
2-1: Ball
3-1: Fly out, F7 (Flyball, 78D, EV 89.4 MPH)
Batting: SHB R.J. Thomas 0-0: Ground out 1-3 (Groundball, 13S, EV 66.2 MPH)
Top of the 4th over - 0 runs, 0 hits, 0 errors, 0 left on base; New Orleans 3 - Inland Empire 3
BOTTOM OF THE 4TH
Inland Empire 66ers batting - Pitching for New Orleans Baby Cakes : RHP Eugenio Arana
Batting: RHB Ezra Goodwin 0-0: Ground out 5-3 (Groundball, 56S, EV 66.9 MPH)
Batting: SHB Nathan Sorensen 0-0: Called Strike
0-1: Ball
1-1: Called Strike
1-2: Strikes out swinging
Batting: RHB Anderson Arnold 0-0: Called Strike
0-1: Ground out 6-3 (Groundball, 6, EV 80.0 MPH)
Bottom of the 4th over - 0 runs, 0 hits, 0 errors, 0 left on base; New Orleans 3 - Inland Empire 3
TOP OF THE 5TH
New Orleans Baby Cakes batting - Pitching for Inland Empire 66ers : RHP Kayden Ricci
Batting: RHB Owen Wood 0-0: Ground out 4-3 (Groundball, 4, EV 100.6 MPH)
Batting: LHB Emmanuel Esparza 0-0: Ball
1-0: Ball
2-0: Called Strike
2-1: Foul Ball, location: 2F
2-2: Ball
3-2: Ground out 4-3 (Groundball, 4, EV 86.2 MPH)
Batting: RHB Ryan Mitchell 0-0: Ground out 6-3 (Groundball, 6, EV 79.4 MPH)
Top of the 5th over - 0 runs, 0 hits, 0 errors, 0 left on base; New Orleans 3 - Inland Empire 3
BOTTOM OF THE 5TH
Inland Empire 66ers batting - Pitching for New Orleans Baby Cakes : RHP Eugenio Arana
Batting: RHB J.B. Lazo 0-0: SINGLE (Groundball, 56, EV 93.8 MPH)
Batting: RHB Julian Koops 0-0: Ball
1-0: DOUBLE (Line Drive, 7LS, EV 93.1 MPH)
J.B. Lazo to third
Runner from 3rd tries for Home, SAFE, throw by LF to home
Batting: RHB Ortiz Pereira 0-0: Called Strike
0-1: Ball
1-1: Called Strike
1-2: Fly out, F9 (Flyball, 9S, EV 90.6 MPH)
Batting: RHB Ricardo Chavez 0-0: Ball
1-0: Fly out, F7 (Flyball, 7LM, EV 85.0 MPH)
Batting: LHB Rueben Rice 0-0: Ball
1-0: Ball
2-0: Ball
3-0: Called Strike
3-1: Swinging Strike
3-2: Base on Balls
Pitching: RHP Ricardo Anzaldua
Batting: RHB Hal Hoskin 0-0: Ball
1-0: Called Strike
1-1: Ball
2-1: Ball
3-1: Called Strike
3-2: Base on Balls
Julian Koops to third
Rueben Rice to second
Batting: RHB Ezra Goodwin 0-0: Called Strike
0-1: Foul Ball, location: 2F
0-2: Foul Ball, location: 2F
0-2: Ball
1-2: Fielders Choice at 2nd, 6-4 (Groundball, 6, EV 106.2 MPH)
Bottom of the 5th over - 1 run, 2 hits, 0 errors, 3 left on base; New Orleans 3 - Inland Empire 4
TOP OF THE 6TH
New Orleans Baby Cakes batting - Pitching for Inland Empire 66ers : RHP Kayden Ricci
Batting: LHB Luke Perniciaro 0-0: Ball
1-0: SINGLE (Flyball, 34D, EV 89.4 MPH)
Batting: RHB Antonio Martinez 0-0: Bunted foul
0-1: Ball
1-1: Bunt - Flyout to 25! F5
Batting: RHB Jared Weigel 0-0: Called Strike
0-1: 2-RUN HOME RUN (Flyball, 7LD, EV 95.0 MPH), Distance : 345 ft
Batting: LHB Lúcio Esmnia 0-0: Ball
1-0: Foul Ball, location: 2F
1-1: Ground out 6-3 (Groundball, 6, EV 106.2 MPH)
Batting: RHB George Ramsey 0-0: Called Strike
0-1: Foul Ball, location: 2F
0-2: Ground out 6-3 (Groundball, 6MS, EV 76.9 MPH)
Top of the 6th over - 2 runs, 2 hits, 0 errors, 0 left on base; New Orleans 5 - Inland Empire 4
BOTTOM OF THE 6TH
Inland Empire 66ers batting - Pitching for New Orleans Baby Cakes : RHP Ricardo Anzaldua
Batting: SHB Nathan Sorensen 0-0: Ball
1-0: Ball
2-0: Foul Ball, location: 2F
2-1: Called Strike
2-2: Strikes out swinging
Batting: RHB Anderson Arnold 0-0: Foul Ball, location: 2F
0-1: Ball
1-1: Called Strike
1-2: Strikes out swinging
Batting: RHB J.B. Lazo 0-0: Ball
1-0: Called Strike
1-1: Swinging Strike
1-2: Ball
2-2: Strikes out swinging
Bottom of the 6th over - 0 runs, 0 hits, 0 errors, 0 left on base; New Orleans 5 - Inland Empire 4
TOP OF THE 7TH
New Orleans Baby Cakes batting - Pitching for Inland Empire 66ers : RHP Kayden Ricci
Batting: SHB R.J. Thomas 0-0: Called Strike
0-1: Ball
1-1: Swinging Strike
1-2: Ground out U3 (Groundball, 3, EV 97.5 MPH)
Batting: RHB Owen Wood 0-0: SINGLE (Groundball, 3D, EV 98.8 MPH)
Batting: LHB Emmanuel Esparza 0-0: Called Strike
0-1: Foul Ball, location: 2F
0-2: Foul Ball, location: 2F
0-2: Ball
1-2: Single, Error in OF, E9, batter to second base (Line Drive, 89S, EV 97.5 MPH)
Owen Wood to third
Batting: RHB Ryan Mitchell 0-0: Ball
1-0: Called Strike
1-1: Fly out, F7 (Flyball, 7S, EV 93.8 MPH)
Batting: LHB Luke Perniciaro 0-0: Foul Ball, location: 2F
0-1: Swinging Strike
0-2: DOUBLE (Groundball, 5L, EV 100.0 MPH)
Owen Wood scores
Emmanuel Esparza scores
Pitching: LHP Gato Aponte
Batting: RHB Antonio Martinez 0-0: Called Strike
0-1: Called Strike
0-2: Ball
1-2: Ball
2-2: SINGLE (Groundball, 6M, EV 108.1 MPH) (infield hit)
Luke Perniciaro to third
Batting: RHB Jared Weigel 0-0: Called Strike
0-1: Ball
1-1: Fly out, F7 (Flyball, 7S, EV 90.6 MPH)
Top of the 7th over - 2 runs, 4 hits, 1 error, 2 left on base; New Orleans 7 - Inland Empire 4
BOTTOM OF THE 7TH
Inland Empire 66ers batting - Pitching for New Orleans Baby Cakes : RHP Ricardo Anzaldua
Batting: RHB Julian Koops 0-0: Ball
1-0: Called Strike
1-1: Ball
2-1: Ground out U3 (Groundball, 34, EV 100.6 MPH)
Batting: RHB Ortiz Pereira 0-0: Called Strike
0-1: Fly out, F9 (Flyball, 89XD, EV 91.9 MPH)
Pitching: RHP Aimar Dávalos
Batting: RHB Ricardo Chavez 0-0: Ball
1-0: Foul Ball, location: 2F
1-1: Called Strike
1-2: Foul Ball, location: 2F
1-2: Ball
2-2: Ball
3-2: Fly out, F8 (Flyball, 8RD, EV 90.6 MPH)
Bottom of the 7th over - 0 runs, 0 hits, 0 errors, 0 left on base; New Orleans 7 - Inland Empire 4
TOP OF THE 8TH
New Orleans Baby Cakes batting - Pitching for Inland Empire 66ers : LHP Gato Aponte
Batting: LHB Lúcio Esmnia 0-0: Ball
1-0: SOLO HOME RUN (Flyball, 9LD, EV 95.0 MPH), Distance : 331 ft
Batting: RHB George Ramsey 0-0: Foul Ball, location: 2F
0-1: Called Strike
0-2: Foul Ball, location: 2F
0-2: Ball
1-2: Ball
2-2: Strikes out swinging
Batting: SHB R.J. Thomas 0-0: Ball
1-0: Called Strike
1-1: SINGLE (Line Drive, 9S, EV 103.1 MPH)
Batting: RHB Owen Wood 0-0: Ball
1-0: Foul Ball, location: 2F
1-1: Hit by Pitch
R.J. Thomas to second
Batting: LHB Emmanuel Esparza 0-0: Ball
1-0: Foul Ball, location: 2F
1-1: Foul Ball, location: 2F
1-2: Strikes out looking
Batting: RHB Ryan Mitchell 0-0: Ball
1-0: Foul Ball, location: 2F
1-1: Fly out, F8 (Flyball, 8RM, EV 91.9 MPH)
Top of the 8th over - 1 run, 2 hits, 0 errors, 2 left on base; New Orleans 8 - Inland Empire 4
BOTTOM OF THE 8TH
Inland Empire 66ers batting - Pitching for New Orleans Baby Cakes : RHP Aimar Dávalos
Batting: LHB Rueben Rice 0-0: Foul Ball, location: 2F
0-1: Called Strike
0-2: Ball
1-2: Ball
2-2: Ball
3-2: Foul Ball, location: 2F
3-2: SINGLE (Groundball, 6MD, EV 97.5 MPH)
Batting: RHB Hal Hoskin 0-0: Foul Ball, location: 2F
0-1: Fielders Choice at 2nd, 6-4 (Groundball, 6, EV 96.2 MPH)
Batting: RHB Ezra Goodwin 0-0: Called Strike
0-1: Called Strike
0-2: Ball
1-2: Ball
2-2: SINGLE (Line Drive, 56D, EV 97.5 MPH)
Hal Hoskin to second
Batting: SHB Nathan Sorensen 0-0: Swinging Strike
0-1: Swinging Strike
0-2: Ball
1-2: Strikes out swinging
Pinch Hitting: LHB Harvey Porter 0-0: DOUBLE (Flyball, 89D, EV 101.2 MPH)
Hal Hoskin scores
Ezra Goodwin to third
Batting: RHB J.B. Lazo 0-0: Ball
1-0: Called Strike
1-1: Foul Ball, location: 2F
1-2: SINGLE (Line Drive, 8LS, EV 107.5 MPH)
Ezra Goodwin scores
Harvey Porter to third
Batting: RHB Julian Koops 0-0: Ball
1-0: Foul Ball, location: 2F
1-1: Fly out, F7 (Flyball, 78D, EV 100.0 MPH)
Bottom of the 8th over - 2 runs, 4 hits, 0 errors, 2 left on base; New Orleans 8 - Inland Empire 6
TOP OF THE 9TH
New Orleans Baby Cakes batting - Pitching for Inland Empire 66ers : LHP Gato Aponte
Now at 3B: Norm Melancon
Batting: LHB Luke Perniciaro 0-0: Called Strike
0-1: Called Strike
0-2: Ball
1-2: Ball
2-2: Foul Ball, location: 2F
2-2: Ball
3-2: Fly out, F8 (Flyball, 8RD, EV 110.0 MPH)
Batting: RHB Antonio Martinez 0-0: Ball
1-0: Ball
2-0: Ground out 6-3 (Groundball, 6, EV 77.5 MPH)
Batting: RHB Jared Weigel 0-0: Ball
1-0: Called Strike
1-1: Foul Ball, location: 2F
1-2: SOLO HOME RUN (Flyball, 7D, EV 92.5 MPH), Distance : 354 ft
Batting: LHB Lúcio Esmnia 0-0: Foul Ball, location: 2F
0-1: Ball
1-1: Ball
2-1: Ball
3-1: DOUBLE (Groundball, 5L, EV 96.2 MPH)
Batting: RHB George Ramsey 0-0: Ball
1-0: Called Strike
1-1: Called Strike
1-2: Foul Ball, location: 2F
1-2: Ball
2-2: Ball
3-2: Base on Balls
Batting: SHB R.J. Thomas 0-0: Ball
1-0: Ball
2-0: Called Strike
2-1: Swinging Strike
2-2: Ground out 4-3 (Groundball, 4, EV 81.2 MPH)
Top of the 9th over - 1 run, 2 hits, 0 errors, 2 left on base; New Orleans 9 - Inland Empire 6
BOTTOM OF THE 9TH
Inland Empire 66ers batting - Pitching for New Orleans Baby Cakes : RHP Aimar Dávalos
Pitching: RHP Vládimir Piña
Batting: RHB Ortiz Pereira 0-0: SINGLE (Line Drive, 4MD, EV 98.1 MPH)
Batting: RHB Ricardo Chavez 0-0: Fly out, F6 (Popup, P, EV 86.9 MPH)
Batting: LHB Rueben Rice 0-0: Foul Ball, location: 2F
0-1: Fly out, F8 (Flyball, 8RD, EV 90.6 MPH)
Batting: RHB Hal Hoskin 0-0: Ball
1-0: Ball
2-0: Called Strike
2-1: SINGLE (Groundball, 56D, EV 103.8 MPH)
Ortiz Pereira to second
Batting: RHB Ezra Goodwin 0-0: Ball
1-0: Ground out 5-3 (Groundball, 56S, EV 90.0 MPH)
Bottom of the 9th over - 0 runs, 2 hits, 0 errors, 2 left on base; New Orleans 9 - Inland Empire 6
Thursday, February 6th , 2025 - OOTP Baseball 25.11 Build 103